 Dungeon Crawl Stone Soup version 0.29.0-4-gdea44cf6ec (webtiles) character file.

Game seed: 5739785220082001030

225 qw the Chopper (level 6, -5/35 HPs)
             Began as a Tengu Warper on Aug 28, 2022.
             Was an Initiate of Okawaru.
             Slain by an ogre
             ... wielding a +0 giant spiked club
              (17 damage)
             ... on level 4 of the Dungeon.
             The game lasted 00:00:19 (3530 turns).

qw the Chopper (Tengu Warper)                       Turns: 3530, Time: 00:00:19

Health: -5/35      AC: 10    Str: 22    XL:     6   Next: 1%
Magic:  10/10      EV: 12    Int: 11    God:    Okawaru [......]
Gold:   131        SH:  0    Dex: 13    Spells: 9/9 levels left

rFire   . . .      SeeInvis +   Y - +3 war axe
rCold   . . .      Faith    .   (no shield)
rNeg    . . .      Spirit   .   q - +0 scale mail
rPois   .          Reflect  .   (helmet restricted)
rElec   .          Harm     .   d - +3 cloak of the Aged Gods {*Corrode Str+8 Int-2 SInv}
rCorr   .          Rampage  .   (no gloves)
Will    .....                   (boots unavailable)
Stlth   ..........              (no amulet)
HPRegen 0.11/turn               (no ring)
MPRegen 0.12/turn               (no ring)

@: flying quickly and evasively, quick
A: beak, talons 3, nimble flight
a: Renounce Religion


You were on level 4 of the Dungeon.
You worshipped Okawaru.
Okawaru was noncommittal.
You visited 1 branch of the dungeon, and saw 4 of its levels.

You collected 131 gold pieces.


Innate Abilities, Weirdness & Mutations

You have a beak for a mouth.
You have claws for feet.
Your magical nature lets you fly swiftly and evasively.


   Skills:
 - Level 2.0 Fighting
 + Level 6.6 Axes
 - Level 1.0 Throwing
 - Level 1.1 Armour
 - Level 2.1 Dodging
 - Level 2.0 Spellcasting
 - Level 2.4 Translocations


You had 9 spell levels left.
You didn't know any spells.
Your spell library contained the following spells:

 Spells                   Type           Power      Damage    Failure   Level
 Blink                    Tloc           12%        N/A       41%         2
 Gell's Gravitas          Tloc           6%         N/A       65%         3
 Lesser Beckoning         Tloc           6%         N/A       65%         3
 Teleport Other           Tloc           6%         N/A       65%         3
 Manifold Assault         Tloc           6%         N/A       100%        5

Inventory:

Hand Weapons
 p - a +0 flail
 Y - a +3 war axe (weapon)
Missiles
 c - 2 silver boomerangs (quivered)
Armour
 d - the +3 cloak of the Aged Gods (worn) {*Corrode Str+8 Int-2 SInv}
   (You acquired it on level 3 of the Dungeon)

   Str:       It affects your strength (+8).
   Int:       It affects your intelligence (-2).
   SInv:      It lets you see invisible.
   *Corrode:  It may corrode you when you take damage.
 q - a +0 scale mail (worn)
Jewellery
 a - a ring of willpower
Scrolls
 e - a scroll of identify
Potions
 g - a potion of haste
 h - 2 potions of curing
 i - a potion of resistance
 j - a potion of heal wounds
 n - a potion of cancellation

Dungeon Overview and Level Annotations

Branches:
Dungeon (4/15)
 Temple: D:4-7

Altars:
Okawaru


Message History

The adder bites you but does no damage. The gnoll closely misses you.
The gnoll barely misses you.
An ogre comes into view. It is wielding a +0 giant spiked club.
The adder closely misses you.
The ogre shouts!
You hit the gnoll. Your peck misses the gnoll.
The gnoll is severely wounded.
You hit the adder.
The gnoll hits you from afar with a +0 spear.
The adder bites you but does no damage. The gnoll hits you with a +0 club.
The gnoll hits you from afar with a +0 spear.
You barely miss the gnoll. You claw the gnoll, but do no damage.
The gnoll is severely wounded.
You hit the gnoll. You barely miss the adder. The adder barely misses you.
The gnoll hits you but does no damage. The gnoll barely misses you.
The gnoll closely misses you. The adder bites you but does no damage.
You slash the gnoll!
You kill the gnoll!
Okawaru accepts your kill.
You barely miss the gnoll. You hit the adder. The adder closely misses you.
The gnoll hits you but does no damage.
The gnoll hits you from afar with a +0 spear.
You slash the adder!
You kill the adder!
Okawaru accepts your kill.
You slash the gnoll!
You kill the gnoll!
Okawaru accepts your kill.
The gnoll hits you from afar with a +0 spear.
You have reached level 6!
The ogre closely misses you. The gnoll closely misses you.
Things that are here:
a +0 halberd; an adder corpse; a gnoll corpse You slash the ogre!
Your peck misses the ogre.
The ogre is moderately wounded.
You hit the gnoll. The gnoll hits you with a +0 spear.
The ogre hits you with a +0 giant spiked club!
You die...

............................
............................
.........)..................
.........########...........
.........## ###.#.......
..........## #..#......
###........## #..##.....
#...###..)### #.........
....# ##)@g.# ##......##
....# ##.O...# #......# ##.!
##......#........ #.
#...............
.............. ...... .....
#....


You could see an ogre and a gnoll.

Vanquished Creatures
  2 orc wizards (D:3)
  5 adders
  3 gnolls (D:4)
  A worm (D:3)
  2 dart slugs (D:1)
  8 orcs
  6 bats
  8 endoplasms
  4 giant cockroaches
  4 goblins
  9 hobgoblins
  5 jackals
  3 quokkas
  6 ball pythons
  2 frilled lizards
  7 kobolds
  10 rats
85 creatures vanquished.

Notes
Turn   | Place    | Note
-------+----------+-------------------------------------------
     0 | D:1      | qw the Tengu Warper began the quest for the Orb.
     0 | D:1      | Reached XP level 1. HP: 12/12 MP: 4/4
     0 | D:1      | 0 ||| qw: Version: 0.1-a-89-g26bdef1
     0 | D:1      | 0 ||| qw: Game counter: 2416
     0 | D:1      | 0 ||| qw: Always use a shield: true
     0 | D:1      | 0 ||| qw: God list: Okawaru
     0 | D:1      | 0 ||| qw: Allow faded altars: false
     0 | D:1      | 0 ||| qw: Do Orc after D:15 true
     0 | D:1      | 0 ||| qw: Do second Lair branch before Depths: true
     0 | D:1      | 0 ||| qw: Lair rune preference: random
     0 | D:1      | 0 ||| qw: Plans: Normal
     0 | D:1      | 0 ||| PLANNING D:1-11
   187 | D:1      | Reached XP level 2. HP: 17/17 MP: 6/6
   229 | D:1      | 229 ||| SWAPPING to +0 war axe.
   237 | D:1      | Reached skill level 3 in Axes
   237 | D:1      | 237 ||| DROPPING +0 hand axe.
   270 | D:1      | 270 ||| Stepping ~*~*~tactically~*~*~ (hiding).
   272 | D:1      | 272 ||| Stepping ~*~*~tactically~*~*~ (hiding).
   397 | D:1      | Found a faded altar of an unknown god.
   663 | D:1      | Reached XP level 3. HP: 20/21 MP: 7/7
   719 | D:1      | 719 ||| Stepping ~*~*~tactically~*~*~ (stealth).
   721 | D:1      | 721 ||| Stepping ~*~*~tactically~*~*~ (stealth).
   812 | D:1      | Reached skill level 4 in Axes
  1141 | D:1      | 1141 ||| UPGRADING to +0 ring mail.
  1151 | D:1      | 1151 ||| DROPPING +0 leather armour.
  1152 | D:1      | 1152 ||| DROPPING ring of magical power.
  1153 | D:1      | 1153 ||| READING 2 scrolls labelled JIUWIVV XOASO.
  1154 | D:1      | 1154 ||| READING 4 scrolls labelled WEDOZX BONUSE.
  1155 | D:1      | 1155 ||| READING scroll labelled DETOIG RUUST.
  1156 | D:1      | 1156 ||| READING scroll labelled NACWAZ WUPTEWN.
  1161 | D:1      | 1161 ||| READING 2 scrolls labelled DEBRIA JUMYUMM.
  1162 | D:1      | 1162 ||| READING scroll of enchant weapon.
  1162 | D:1      | 1162 ||| ENCHANTING +1 war axe.
  1163 | D:1      | 1163 ||| READING scroll labelled XAAPOT COIRCHE.
  1164 | D:1      | 1164 ||| READING 3 scrolls of identify.
  1164 | D:1      | 1164 ||| IDENTIFYING sapphire potion
  1165 | D:1      | 1165 ||| READING 2 scrolls of identify.
  1165 | D:1      | 1165 ||| IDENTIFYING yellow potion
  1166 | D:1      | 1166 ||| DROPPING scroll of blinking.
  1167 | D:1      | 1167 ||| DROPPING scroll of noise.
  1644 | D:2      | 1644 ||| READING scroll of enchant weapon.
  1644 | D:2      | 1644 ||| ENCHANTING +2 war axe.
  1667 | D:2      | Found an iron altar of Okawaru.
  1672 | D:2      | Reached XP level 4. HP: 26/26 MP: 8/8
  1677 | D:2      | Became a worshipper of Warmaster Okawaru
  2003 | D:2      | 2003 ||| UPGRADING to +0 cloak.
  2008 | D:2      | 2008 ||| READING scroll labelled GUVIPS XUISAZ.
  2009 | D:2      | 2009 ||| READING 2 scrolls of identify.
  2009 | D:2      | 2009 ||| IDENTIFYING sedimented yellow potion
  2010 | D:2      | 2010 ||| DROPPING potion of degeneration.
  2262 | D:3      | 2262 ||| READING 3 scrolls labelled KAYBYE QYOCRE.
  2263 | D:3      | 2263 ||| DROPPING 2 scrolls of poison.
  2264 | D:3      | 2264 ||| Stepping randomly (stuck).
  2265 | D:3      | 2265 ||| Stepping ~*~*~tactically~*~*~ (cloud).
  2271 | D:3      | HP: 6/26 [poisoned by you (poison gas)]
  2272 | D:3      | 2272 ||| DRINKING potion of heal wounds.
  2390 | D:3      | 2390 ||| Stepping ~*~*~tactically~*~*~ (stealth).
  2394 | D:3      | Reached skill level 5 in Axes
  2416 | D:3      | 2416 ||| Stepping ~*~*~tactically~*~*~ (stealth).
  2898 | D:3      | 2898 ||| Stepping ~*~*~tactically~*~*~ (hiding).
  2906 | D:3      | Gained mutation: Your magical nature lets you fly swiftly
                  | and evasively. [Tengu growth]
  2906 | D:3      | Reached XP level 5. HP: 30/30 MP: 9/9
  2914 | D:3      | Reached skill level 6 in Axes
  2979 | D:3      | 2979 ||| DROPPING +0 whip.
  3110 | D:3      | 3110 ||| UPGRADING to +0 scale mail.
  3120 | D:3      | 3120 ||| DROPPING +0 ring mail.
  3195 | D:3      | 3195 ||| READING scroll labelled DEEXZO OFUISUEZ.
  3335 | D:3      | 3335 ||| READING 3 scrolls labelled BET XIDANWIOSA.
  3336 | D:3      | 3336 ||| READING scroll labelled NEVELU WAZAU.
  3336 | D:3      | Identified a scroll of acquirement
  3336 | D:3      | 3336 ||| ACQUIRING +3 cloak of the Aged Gods {*Corrode
                  | Str+8 Int-2 SInv}
  3336 | D:3      | Acquired the +3 cloak of the Aged Gods {*Corrode Str+8
                  | Int-2 SInv}
  3338 | D:3      | 3338 ||| UPGRADING to +3 cloak of the Aged Gods {*Corrode
                  | Str+8 Int-2 SInv}.
  3348 | D:3      | 3348 ||| DROPPING +0 cloak.
  3349 | D:3      | 3349 ||| DRINKING 3 bubbling ruby potions.
  3350 | D:3      | 3350 ||| READING 4 scrolls of identify.
  3350 | D:3      | 3350 ||| IDENTIFYING glowing purple potion
  3351 | D:3      | 3351 ||| READING 3 scrolls of identify.
  3351 | D:3      | 3351 ||| IDENTIFYING murky sapphire potion
  3352 | D:3      | 3352 ||| READING 2 scrolls of identify.
  3352 | D:3      | 3352 ||| IDENTIFYING blue potion
  3353 | D:3      | 3353 ||| DROPPING 2 potions of brilliance.
  3354 | D:3      | 3354 ||| DROPPING 2 scrolls of fear.
  3421 | D:4      | 3421 ||| Stepping ~*~*~tactically~*~*~ (stealth).
  3503 | D:4      | 3503 ||| Stepping ~*~*~tactically~*~*~ (stealth).
  3506 | D:4      | 3506 ||| Stepping ~*~*~tactically~*~*~ (stealth).
  3524 | D:4      | Noticed an ogre
  3529 | D:4      | Reached XP level 6. HP: 12/35 MP: 10/10
  3530 | D:4      | Slain by an ogre

Levels and vault maps discovered:
D:1:      sevenhm_arrival_forest_fort_small_4, layout_loops_corners,
          hellmonk_ecumenical_altar_inner_sanctum
D:2:      layout_basic, basic_altar
D:3:      layout_loops_ring, serial_co_window_serial, co_window_corner_a,
          co_window_corner_a, co_window_paths_b, co_window_paths_a,
          co_window_corner_a, co_window_of_opportunity_c,
          co_window_unsneaky_path_a, co_window_2corner, glass_columns_a
D:4:      layout_layer_cave, nemelex_xobeh_ov_fountains_minmay

Skill      XL: |  1  2  3  4  5 |
---------------+----------------+-----
Axes           | 3 4 5 6 |  6.6
Fighting       | |  2.0
Throwing       | |  1.0
Armour         | |  1.1
Dodging        | |  2.1
Spellcasting   | |  2.0
Translocations | |  2.4

Action                   |  1- 3 |  4- 6 || total
-------------------------+-------+-------++-------
Melee: Hand axe          |     8 |       ||     8
       Peck              |     3 |     7 ||    10
       War axe           |    47 |    61 ||   108
       Kick              |    11 |     9 ||    20
Throw: Boomerang         |    15 |    25 ||    40
       Javelin           |       |    22 ||    22
  Use: Scroll            |    10 |     9 ||    19
       Potion            |       |     2 ||     2
Armor: Leather armour    |    22 |       ||    22
       Ring mail         |     7 |     5 ||    12
       Scale mail        |       |    11 ||    11
Dodge: Dodged            |    36 |    47 ||    83

Table legend:
 A = Non-vault XP
 B = Vault XP
 C = Vault XP percentage of total XP
 D = Non-vault monster count
 E = Vault monster count
 F = Vault count percentage of total count
                 A         B        C        D         E       F
            +---------+---------+-------+---------+---------+-------
      Total |     322 |       0 |   0.0 |      85 |       0 |   0.0
            +---------+---------+-------+---------+---------+-------
        D:1 |      54 |       0 |   0.0 |      30 |       0 |   0.0
        D:2 |      44 |       0 |   0.0 |      19 |       0 |   0.0
        D:3 |     146 |       0 |   0.0 |      22 |       0 |   0.0
        D:4 |      78 |       0 |   0.0 |      14 |       0 |   0.0
            +---------+---------+-------+---------+---------+-------
